Map: Lightshade LE

Players

LiquidClem (Clem)

  • Race: Terran Terran
  • Spawn Location: 11:00

maru - Winner!

  • Race: Terran Terran
  • Spawn Location: 5:00

Event: ASUS ROG Online 2020

VOD

Have the link to the VOD?

Description

Time

  • Played on: Nov. 28, 2020, 11:24 a.m.
  • Length: 20:31

All games in this series

Show
View Real Time Build Order
Export as new Build Order

LiquidClem Terran 

Build Orders:  

Get SALT Encoding   

  12  0:00  SCV  
  13  0:13  SCV  
  14  0:17  Supply Depot  
  14  0:25  SCV  
  15  0:29  Refinery  
  15  0:39  SCV  
  16  0:43  Barracks  
  16  0:51  SCV  
  16  0:55  Refinery  
  17  1:03  SCV  
  18  1:15  SCV  
  19  1:30  Orbital Command, Reaper  
  20  1:34  Factory  
  20  1:45  Supply Depot  
  20  1:56  SCV  
  21  2:02  Reaper  
  21  2:08  SCV  
  23  2:18  Hellion  
  25  2:23  Command Center  
  25  2:27  SCV  
  26  2:35  Barracks Reactor  
  26  2:36  Starport  
  26  2:41  Hellion  
  28  2:44  SCV  
  28  2:50  Supply Depot  
  29  2:57  SCV  
  30  3:03  Factory Tech Lab  
  30  3:09  SCV  
  30  3:11  Marine  
  30  3:12  Marine  
  33  3:20  Refinery  
  35  3:27  Siege Tank  
  35  3:29  Medivac, Marine x2  
  39  3:37  SCV  
  36  3:46  Orbital Command  
  36  3:48  Marine  
  36  3:49  SCV, Marine  
  39  4:00  Cyclone  
  39  4:01  SCV  
  43  4:03  Starport Tech Lab  
  43  4:11  SCV  
  43  4:13  SCV  
  43  4:15  Marine x2  
  47  4:20  Supply Depot  
  47  4:23  Raven  
  49  4:25  SCV x2  
  51  4:35  Marine x2  
  51  4:37  SCV  
  53  4:41  Siege Tank  
  53  4:42  Supply Depot  
  53  4:43  SCV  
  57  4:51  SCV  
  58  4:53  Marine x2  
  58  4:55  SCV  
  61  5:03  SCV  
  61  5:05  Supply Depot  
  61  5:06  Raven  
  64  5:07  SCV  
  65  5:15  SCV  
  65  5:16  Marine x2  
  65  5:19  SCV  
  69  5:25  Siege Tank  
  69  5:27  SCV  
  65  5:31  SCV  
  65  5:34  Marine  
  66  5:39  SCV, Refinery  
  66  5:40  Command Center  
  67  5:43  SCV  
  67  5:45  Supply Depot  
  68  5:51  Supply Depot  
  68  5:55  SCV x2  
  70  5:57  Siege Tank  
  73  6:04  Viking  
  73  6:05  Viking  
  73  6:08  Stimpack  
  73  6:10  SCV  
  78  6:12  SCV, Marine  
  79  6:18  Supply Depot  
  79  6:26  SCV  
  79  6:27  SCV  
  79  6:29  Siege Tank  
  79  6:30  Marine  
  83  6:40  Viking x2  
  83  6:45  Supply Depot  
  87  6:48  Marine  
  87  6:51  Barracks  
  88  6:57  Barracks  
  88  7:01  Siege Tank, SCV  
  87  7:05  Marine  
  87  7:06  SCV  
  87  7:08  Barracks x2  
  92  7:13  Viking x2  
  92  7:16  SCV  
  92  7:18  SCV  
  94  7:23  Marine  
  94  7:26  Supply Depot  
  94  7:28  SCV  
  96  7:33  SCV, Siege Tank  
  96  7:34  SCV  
  100  7:38  Bunker  
  100  7:41  Marine x2  
  100  7:42  SCV  
  100  7:44  Marine  
  102  7:45  SCV  
  102  7:50  Viking  
  102  7:54  Viking  
  102  7:55  Marine  
  102  7:56  Marine  
  104  7:59  Marine x2  
  104  8:01  Marine  
  104  8:10  SCV  
  104  8:12  Siege Tank  
  96  8:13  Marine x2  
  96  8:15  Engineering Bay  
  96  8:17  Engineering Bay, Marine  
  99  8:21  Orbital Command  
  99  8:22  SCV  
  99  8:26  SCV  
  101  8:27  Combat Shield  
  101  8:28  Barracks Reactor x2  
  101  8:32  Marine x2  
  101  8:34  SCV  
  101  8:36  Medivac x2  
  101  8:38  SCV  
  101  8:40  Supply Depot  
  107  8:42  Marine  
  107  8:46  SCV  
  109  8:49  Terran Infantry Armor Level 1, Terran Infantry Weapons Level 1, Supply Depot  
  109  8:53  SCV  
  109  8:54  Sensor Tower  
  110  8:57  Marine  
  110  8:58  Siege Tank  
  110  8:59  SCV  
  110  9:00  SCV  
  110  9:01  Marine  
  110  9:02  Marine  
  116  9:05  Marine x3  
  120  9:10  Refinery, Marine  
  120  9:14  Marine  
  120  9:16  Liberator  
  125  9:20  Marine  
  125  9:23  SCV, Marine x2  
  126  9:27  Marine  
  126  9:28  SCV  
  126  9:29  Marine  
  128  9:35  Marine x2  
  128  9:36  SCV  
  131  9:41  SCV, Siege Tank  
  131  9:42  Refinery  
  131  9:44  Marine  
  135  9:46  Marine  
  135  9:50  Marine x3  
  137  9:53  Supply Depot, Marine  
  137  9:55  Medivac  
  137  9:57  Marine  
  141  10:00  Refinery  
  141  10:07  Armory  
  141  10:12  Supply Depot, SCV, Marine x4  
  141  10:13  Supply Depot, Siege Tank  
  149  10:14  Marine  
  150  10:26  Marine  
  148  10:28  Command Center  
  148  10:34  Marine x2  
  141  10:35  Marine x2  
  141  10:38  Marine  
  141  10:39  Liberator  
  127  10:45  Siege Tank  
  131  10:51  Marine  
  131  10:52  Barracks Reactor, Marine  
  131  10:53  Medivac, Marine x2  
  131  10:54  Barracks Reactor  
  135  10:58  Terran Infantry Weapons Level 2  
  135  10:59  Barracks  
  135  11:00  Barracks  
  135  11:09  Marine x2  
  120  11:12  Marine x3  
  120  11:17  Siege Tank  
  121  11:22  Terran Vehicle Weapons Level 1  
  121  11:27  Marine x2  
  121  11:28  Marine  
  121  11:29  Marine  
  121  11:30  Marine x3  
  121  11:32  Factory, Marine x2  
  124  11:36  Medivac x2  
  124  11:38  Supply Depot  
  130  11:44  SCV  
  130  11:45  Marine  
  130  11:47  SCV  
  133  11:48  Barracks Reactor  
  133  11:49  Barracks Reactor, Marine  
  133  11:53  Marine  
  133  11:58  Marine x2  
  133  11:59  Marine x2  
  133  12:01  Marine  
  137  12:03  Marine  
  137  12:04  SCV  
  137  12:06  Viking, Marine  
  137  12:07  Marine  
  143  12:08  Sensor Tower  
  143  12:11  Marine  
  143  12:13  Siege Tank  
  147  12:15  Planetary Fortress  
  147  12:16  Marine x2  
  147  12:17  Marine x2  
  147  12:19  Marine  
  147  12:20  Factory Tech Lab  
  147  12:21  Marine  
  153  12:24  Marine x2  
  153  12:27  Marine  
  153  12:28  Marine x3  
  159  12:31  SCV, Marine  
  159  12:34  Marine x2  
  159  12:35  Marine x2  
  159  12:36  Viking  
  163  12:37  Marine  
  163  12:39  Viking  
  163  12:43  Terran Infantry Armor Level 2  
  161  12:46  Marine x4  
  161  12:47  Marine x2  
  167  12:52  Marine x4  
  167  12:53  Marine  
  167  12:56  Marine x2  
  174  13:04  Siege Tank, Marine x2  
  174  13:05  Siege Tank  
  177  13:17  Marine  
  177  13:18  Command Center  
  175  13:26  Marine x5  
  175  13:27  Marine  
  179  13:34  Marine x6  
  173  13:35  Marine  
  173  13:36  Siege Tank  
  173  13:37  Siege Tank  
  173  13:38  Viking  
  173  13:40  Viking  
  190  13:43  Marine  
  188  13:51  Marine x2  
  188  13:52  Marine  
  188  13:55  Marine x6  
  190  13:56  Marine  
  195  14:05  Marine  
  195  14:08  Supply Depot  
  196  14:14  Terran Infantry Weapons Level 3  
  196  14:22  Marine  
  196  14:30  Command Center, Marine x4  
  200  14:40  Command Center  
  200  14:54  Medivac  
  200  14:55  Siege Tank x2  
  200  14:56  Medivac  
  200  14:59  Marine  
  173  15:01  Marine x2  
  173  15:04  Marine  
  173  15:05  Marine x9  
  170  15:13  Starport  
  170  15:14  Starport  
  170  15:15  Planetary Fortress  
  170  15:17  Marine  
  170  15:19  Marine x2  
  173  15:22  Marine x3  
  173  15:23  Marine x2  
  173  15:24  Medivac  
  173  15:25  Terran Infantry Armor Level 3  
  173  15:27  Siege Tank x2, Marine x3  
  173  15:28  Marine  
  144  15:36  Marine  
  144  15:37  Marine x3  
  144  15:40  Marine  
  123  15:43  Marine x2  
  123  15:44  Missile Turret, Marine x2  
  127  15:50  Medivac  
  127  15:51  Marine  
  127  15:52  Marine  
  130  15:58  Viking  
  130  15:59  Siege Tank  
  130  16:02  Marine x2  
  137  16:06  Siege Tank, Marine x5  
  137  16:07  Marine x2  
  147  16:14  Marine x2, Viking  
  147  16:15  Marine x2  
  145  16:19  Viking  
  145  16:20  Marine  
  145  16:25  Viking  
  145  16:30  Marine  
  145  16:31  Marine x6  
  146  16:36  Orbital Command  
  140  16:40  Viking  
  140  16:44  Marine x4  
  140  16:45  Marine x2  
  142  16:48  SCV, Marine  
  142  16:52  Viking  
  140  17:01  Marine  
  140  17:03  Marine x2  
  140  17:05  Marine x5  
  140  17:06  Marine x4  
  143  17:10  Orbital Command, SCV x2, Marine  
  145  17:18  Marine  
  145  17:19  Siege Tank  
  145  17:21  Marine x2  
  147  17:23  Marine x5  
  147  17:27  Marine  
  142  17:30  Marine x4  
  142  17:32  Orbital Command  
  142  17:36  Marine  
  135  17:38  Marine  
  135  17:39  Marine  
  135  17:41  Marine x2  
  135  17:42  Medivac  
  140  17:47  Marine x4  
  140  17:48  Marine  
  136  17:51  Marine x3  
  136  17:57  Orbital Command  
  136  17:58  SCV x2  
  140  18:05  Marine x3  
  133  18:08  Marine  
  133  18:18  Marine  
  133  18:19  Marine  
  97  18:22  Marine  
  97  18:23  Marine x2  
  87  18:28  Marine  
  87  18:29  Marine  
  87  18:32  Marine  
  90  18:37  Marine  
  90  18:38  Marine  
  75  18:47  Siege Tank  
  76  18:53  Marine x2  
  64  19:01  Marine x2  
  64  19:02  Orbital Command  
  65  19:03  Marine  
  65  19:08  SCV x2  
  67  19:12  Marine  
  67  19:13  Marine  
  67  19:16  Marine  
  70  19:18  Marine  
  70  19:21  Marine  
  72  19:27  Siege Tank  
  72  19:30  Marine  
  72  19:31  Marine x2  
  78  19:32  Marine  
  79  19:42  Marine x3  
  79  19:43  Marine  
  79  19:44  Marine x2  
  79  19:46  Marine x2  
  79  19:48  Marine x2  
  79  19:50  Marine  
  84  19:53  Marine  
  84  19:55  Marine  
  86  20:00  Marine  
  83  20:07  Marine x3  
  83  20:08  Marine  
Show
View Real Time Build Order
Export as new Build Order

maru Terran - Winner!

Build Orders:  

Get SALT Encoding   

  12  0:00  SCV  
  13  0:12  SCV  
  14  0:17  Supply Depot  
  14  0:24  SCV  
  15  0:38  SCV  
  15  0:39  Barracks  
  16  0:43  Refinery  
  16  0:50  SCV  
  17  0:58  Barracks  
  17  1:03  SCV  
  18  1:15  SCV  
  19  1:27  Orbital Command  
  19  1:28  Reaper  
  19  1:31  Supply Depot  
  20  1:46  Reaper  
  21  1:53  SCV  
  22  2:04  Reaper  
  22  2:05  SCV  
  24  2:12  Command Center  
  24  2:18  SCV  
  24  2:19  Refinery  
  24  2:22  Reaper  
  26  2:29  Supply Depot  
  26  2:30  SCV  
  27  2:42  SCV  
  28  2:44  Marine  
  29  2:52  Bunker  
  29  2:54  Marine  
  30  2:58  Factory  
  30  3:00  SCV  
  31  3:12  SCV  
  32  3:14  Barracks Tech Lab  
  32  3:18  Barracks Reactor  
  32  3:24  SCV  
  33  3:30  Orbital Command  
  33  3:36  SCV  
  32  3:48  SCV  
  32  3:50  Barracks Tech Lab, Cyclone  
  32  3:51  Command Center  
  36  3:56  Marine x2  
  36  3:57  SCV  
  36  4:00  SCV  
  40  4:04  Starport  
  40  4:09  SCV  
  41  4:12  Marine  
  41  4:13  Refinery  
  41  4:15  Marine x2  
  44  4:24  Siege Tank  
  44  4:27  SCV x2  
  48  4:32  Marine  
  48  4:33  Marine  
  49  4:39  SCV x2  
  49  4:41  Medivac  
  49  4:44  Supply Depot  
  53  4:49  Marine  
  54  5:02  SCV x2  
  54  5:03  Marauder, Stimpack  
  54  5:04  Orbital Command  
  56  5:15  SCV x2  
  56  5:16  Starport Tech Lab  
  58  5:23  Marine  
  58  5:27  SCV x2  
  52  5:32  SCV  
  52  5:37  Raven  
  52  5:39  SCV x2, Siege Tank  
  59  5:44  SCV  
  59  5:46  Refinery  
  59  5:49  Engineering Bay x2  
  60  5:51  SCV x2  
  60  5:56  SCV  
  63  5:57  Marine  
  63  5:58  Marine x2  
  63  6:02  Barracks  
  66  6:06  SCV x2  
  66  6:07  Supply Depot  
  66  6:08  SCV  
  69  6:16  Marine x3  
  72  6:19  Terran Infantry Armor Level 1, Terran Infantry Weapons Level 1  
  72  6:26  SCV x2  
  72  6:29  Factory Reactor  
  72  6:32  Raven, SCV  
  75  6:36  Marine x3  
  75  6:38  SCV x2  
  79  6:44  SCV  
  79  6:46  Combat Shield  
  80  6:51  Supply Depot  
  80  6:54  Marauder, Marine x2  
  81  6:57  SCV  
  81  6:59  Supply Depot  
  81  7:09  Concussive Shells  
  81  7:10  Marauder  
  81  7:11  Marine x2  
  85  7:16  Supply Depot, Marauder  
  87  7:26  Medivac, Siege Tank  
  87  7:29  Marine x2  
  93  7:31  SCV x2  
  93  7:32  Marauder  
  97  7:37  Marauder  
  99  7:44  Medivac  
  99  7:47  Supply Depot, Marine  
  101  7:53  Marine  
  101  7:54  Marauder  
  98  7:58  SCV x2  
  98  7:59  Marauder  
  98  8:02  SCV  
  75  8:10  SCV x2  
  75  8:12  Marine x2  
  69  8:13  Medivac  
  69  8:14  Medivac  
  69  8:18  SCV  
  74  8:26  SCV x2  
  76  8:28  Marine x2  
  76  8:29  Siege Tank  
  76  8:30  Marine  
  83  8:36  Orbital Command  
  83  8:38  SCV  
  83  8:40  SCV, Armory  
  84  8:47  Marine x3  
  84  8:48  Marine  
  88  8:50  SCV  
  88  8:53  SCV  
  90  9:02  Barracks, SCV  
  91  9:03  Barracks  
  91  9:04  SCV  
  91  9:05  SCV, Marine  
  94  9:12  Viking x2  
  94  9:14  SCV  
  94  9:16  SCV  
  100  9:17  SCV  
  101  9:26  SCV  
  101  9:28  SCV  
  101  9:29  SCV  
  104  9:32  Siege Tank  
  100  9:38  SCV  
  100  9:40  SCV  
  100  9:41  SCV  
  100  9:42  Medivac x2  
  107  9:50  Barracks Reactor x2, SCV  
  107  9:52  SCV  
  109  9:53  Supply Depot  
  109  9:54  Supply Depot  
  109  9:55  Terran Infantry Weapons Level 2  
  109  9:56  Supply Depot  
  109  9:57  Marine x3  
  109  9:58  SCV, Marine  
  114  10:02  SCV  
  112  10:13  Terran Infantry Armor Level 2  
  110  10:15  Marine x4  
  110  10:19  Refinery  
  110  10:20  Refinery  
  114  10:24  Siege Tank  
  117  10:33  Marine x5  
  117  10:35  Marine x2  
  117  10:37  SCV  
  117  10:39  Medivac  
  111  10:43  Marine  
  111  10:46  SCV x2  
  111  10:49  SCV  
  113  10:51  Marine x5, Viking  
  113  10:54  Marine x2  
  113  10:56  Siege Tank  
  122  10:58  SCV  
  122  11:01  SCV, Marine  
  123  11:06  SCV  
  113  11:13  Viking  
  113  11:14  SCV x2  
  117  11:19  SCV  
  112  11:26  SCV x2  
  112  11:28  Factory, Siege Tank  
  112  11:29  Command Center  
  115  11:34  Sensor Tower  
  115  11:35  Barracks Reactor, Marine x3  
  118  11:44  Viking x2  
  122  11:49  Terran Vehicle Weapons Level 1  
  122  11:55  Marine  
  122  11:59  Marine x5  
  122  12:00  Marine  
  129  12:06  SCV  
  130  12:16  Medivac x2  
  133  12:22  Siege Tank  
  133  12:23  Siege Tank  
  133  12:24  Supply Depot  
  133  12:25  Supply Depot x2  
  133  12:26  Marine  
  133  12:27  Missile Turret  
  137  12:32  Terran Infantry Weapons Level 3  
  137  12:43  Terran Infantry Armor Level 3  
  137  12:50  SCV x3  
  140  12:58  Siege Tank x2  
  146  13:02  SCV  
  146  13:05  Sensor Tower  
  147  13:09  Marine x5  
  152  13:15  Liberator  
  152  13:17  SCV  
  155  13:21  Planetary Fortress  
  155  13:30  Siege Tank  
  155  13:34  Marine  
  155  13:35  Siege Tank  
  155  13:38  Sensor Tower  
  159  13:43  Marine x3  
  159  13:44  Marine x5  
  166  13:56  Medivac, Supply Depot x2  
  166  13:58  Medivac  
  170  14:02  Marine  
  170  14:03  Marine x3  
  174  14:12  Starport x2  
  174  14:14  Refinery x2  
  174  14:15  Marine x5  
  179  14:20  Marine  
  179  14:21  Marine  
  180  14:29  Marine x2  
  188  14:33  Marine x4  
  188  14:38  Marine  
  173  14:54  Marine x4  
  173  14:59  Marine x4  
  144  15:10  Supply Depot  
  144  15:11  Supply Depot, Marine  
  144  15:12  Marine x3  
  148  15:14  Siege Tank  
  148  15:15  Starport Reactor  
  148  15:17  Marine x4  
  155  15:27  Barracks  
  155  15:28  Barracks  
  152  15:29  Barracks, Marine  
  152  15:31  Marine  
  152  15:32  Marine  
  117  15:36  Marine x5  
  117  15:41  Orbital Command  
  115  15:47  Siege Tank, Marine  
  115  15:49  Marine x2  
  120  15:53  Marine  
  120  15:54  Marine  
  123  16:04  Marine x2  
  125  16:17  Marine  
  125  16:18  Liberator x2  
  111  16:19  Marine  
  114  16:30  Marine x9  
  121  16:34  Marine  
  121  16:35  Siege Tank  
  124  16:54  Marine  
  124  16:55  Marine x10  
  132  17:12  Marine  
  132  17:13  Marine x2  
  129  17:25  Marine x2  
  129  17:28  Marine x5  
  129  17:29  Medivac x2  
  139  17:30  Marine x2  
  139  17:34  Marine x2  
  137  17:43  Marine x2  
  136  17:46  Marine x5  
  115  17:56  Marine  
  112  18:02  Marine  
  109  18:18  Marine  
  86  18:23  Marine x2  
  86  18:24  Marine x2  
  82  18:35  Marine  
  77  18:41  Marine x2  
  77  18:42  Marine x2  
  72  18:53  Marine  
  73  18:59  Marine x3  
  73  19:00  Marine  
  77  19:11  Marine  
  78  19:17  Marine x4  
  82  19:29  Marine  
  83  19:35  Marine x4  
  81  19:47  Marine  
  81  19:52  Marine x2  
  81  19:53  Marine x2  
  85  20:04  Marine  
  84  20:10  Marine x2  
  84  20:11  Marine x2  
Tags
 
Add a new tag
Caveats
  • Supply blocks, unpowered buildings, or Contaminate may cause inaccurate times.
  • Supply counts are checked every 10 seconds.